 Dungeon Sprint DCSS version bcrawl-1.23.1-30-gcf7fa35852 (webtiles) character file.

Game seed: 4084829255684075252

21207 funkygono the Peltast (level 13, -9/114 HPs)
             Began as a Formicid Fighter on May 30, 2020.
             Was the Champion of Okawaru.
             Mangled by an orange demon (13 damage)
             ... in the Dungeon (Sprint V: "Ziggurat Sprint").
             The game lasted 00:14:44 (1156 turns).

funkygono the Peltast (Formicid Fighter)            Turns: 1156, Time: 00:14:45

Health: -9/114     AC: 12    Str: 41    XL:     13   Next: 18%
Magic:  5/16       EV: 24    Int:  6    God:    Okawaru [******]
Gold:   0          SH:  0    Dex: 10    Spells: 12/12 levels left

rFire    . . .     SeeInvis .     - Unarmed
rCold    . . .     Gourm    .   (shield currently unavailable)
rNeg     + + +     Faith    .   (armour currently unavailable)
rPois    +         Spirit   .   (helmet unavailable)
rElec    .         Reflect  .   (cloak currently unavailable)
rCorr    .         Harm     .   (gloves currently unavailable)
MR       +....                  (boots currently unavailable)
Stlth    +++.......             w - amulet of the acrobat
HPRegen  0.29/turn              A - +6 ring of strength
MPRegen  0.15/turn              B - +6 ring of strength

@: mighty, fungus-form, heroism, very slightly contaminated, lightly drained,
invisible
A: tiny, permanent stasis, dig shafts and tunnels, four strong arms, [dopey 1],
[low mp 2], [weak 1]
a: Heroism, Finesse, Renounce Religion


You were in the Dungeon.
You worshipped Okawaru.
Okawaru was exalted by your worship.
You were very full.
You were a sentient fungus.
You visited 1 branch

Inventory:

Hand Weapons
 F - the +7 great mace "Firestarter" {inner flame, rF++}
   (You found it in the Dungeon)

   It has been specially enchanted to burn those struck by it, causing extra
   injury to most foes and up to half again as much damage against particularly
   susceptible opponents.
   It greatly protects you from fire.
 G - the +6 shillelagh "Devastator" {shatter}
   (You found it in the Dungeon)
 R - the +10 dark maul (melded) {crush}
   (You found it in the Dungeon)

   It inflicts extra damage upon your enemies.
Armour
 b - the +5 cloak "Ijeby" (melded) {+Inv Int+2}
   (Okawaru gifted it to you in the Dungeon)

   It affects your intelligence (+2).
   It lets you turn invisible.
 j - a +2 crystal plate armour
 S - the +15 Maxwell's patent armour (melded) {-Cast -Tele rElec MR+ rCorr}
   (You found it in the Dungeon)

   It insulates you from electricity.
   It affects your resistance to hostile enchantments.
   It prevents spellcasting.
   It prevents most forms of teleportation.
   It provides partial protection from all sources of acid and corrosion.
 T - the +18 shield of the Gong (melded) {rElec rN+ MR+ EV-5}
   (You found it in the Dungeon)

   It affects your evasion (-5).
   It insulates you from electricity.
   It protects you from negative energy.
   It affects your resistance to hostile enchantments.
Jewellery
 a - an uncursed ring of wizardry
 h - the ring "Tyw Vufa" {Wiz rPois Int+3 Stlth+}
   (You found it in the Dungeon)

   [ring of wizardry]

   It improves your spell success rate.
   It affects your intelligence (+3).
   It protects you from poison.
   It makes you more stealthy.
 w - an amulet of the acrobat (around neck)
 A - a +6 ring of strength (left hypha)
 B - a +6 ring of strength (right hypha)
 H - the ring "Necameast" {Dex+3 SInv}
   (You found it in the Dungeon)

   [ring of see invisible]

   It affects your dexterity (+3).
   It lets you see invisible.
 I - a ring of the Octopus King {MP+9 AC+1 EV+1 Str+1 Int+1 Dex+1}
   (You found it in the Dungeon)

   [ring of magical power]

   It affects your AC (+1).
   It affects your evasion (+1).
   It affects your strength (+1).
   It affects your intelligence (+1).
   It affects your dexterity (+1).
   It affects your magic capacity (+9).
Wands
 C - a wand of disintegration (5)
 E - a wand of acid (4)
Scrolls
 q - 4 scrolls of amnesia
 r - 7 scrolls of fog
 s - 3 scrolls of identify
 t - 5 scrolls of remove curse
 u - 2 scrolls of fear
 D - 4 scrolls of enchant weapon
Potions
 d - 5 potions of might
 f - 10 potions of curing
 g - 7 potions of heal wounds
 i - 7 potions of magic
 l - 2 potions of brilliance
 m - a potion of invisibility
 n - 4 potions of resistance
 p - 5 potions of agility
Miscellaneous
 k - a fan of gales (2/2)
 o - a phial of floods
 v - a lightning rod (4/4)
 y - a lamp of fire
 z - a lightning rod (4/4)
 J - a sack of spiders
Comestibles
 c - 5 chunks of flesh
 e - 5 rations {!d}


   Skills:
 + Level 14.5(19.3) Fighting
 + Level 18.1(23.0) Maces & Flails
 + Level 12.6(17.5) Armour
 + Level 4.1(9.0) Dodging
 + Level 2.6(7.5) Stealth
 + Level 19.3(24.2) Shields
 + Level 6.6(6.5) Invocations
 + Level 9.7(9.6) Evocations


You had 12 spell levels left.
You didn't know any spells.
Your spell library contained the following spells:

 Spells                   Type           Power        Failure   Level  Hunger
 Blink Other              Tloc           #.....       45%         1    ##.....
 Corona                   Hex            #......      45%         1    ##.....
 Flame Tongue             Conj/Fire      #....        45%         1    ##.....
 Magic Dart               Conj           #...         45%         1    ##.....
 Shock                    Conj/Air       #....        45%         1    ##.....
 Searing Ray              Conj           #.......     58%         2    ###....
 Shackle                  Hex            #.......     58%         2    ###....
 Swiftness                Chrm/Air       #.......     58%         2    ###....
 Beckoning                Tloc           #.........   83%         3    ####...
 False Image              Hex/Summ       #.......     83%         3    ####...
 Inner Flame              Hex/Fire       N/A          83%         3    ####...
 Iskenderun's Mystic Bla  Conj           #.......     83%         3    ####...
 Portal Projectile        Tloc           #.....       83%         3    ####...
 Recall                   Summ/Tloc      N/A          83%         3    ####...
 Spider Form              Tmut/Pois      #..          83%         3    ####...
 Static Discharge         Air            #.......     83%         3    ####...
 Airstrike                Air            #.........   99%         4    #####..
 Animate Dead             Necr           N/A          99%         4    #####..
 Cause Fear               Hex            #.........   99%         4    #####..
 Force Lance              Tloc           #.......     99%         4    #####..
 Fulminant Prism          Conj/Hex       #.........   99%         4    #####..
 Yara's Violent Unravell  Hex/Tmut       #.........   99%         4    #####..
 Irradiate                Conj/Tmut      #.........   100%        5    ######.
 Lightning Bolt           Conj/Air       #.........   100%        5    ######.
 Summon Demon             Summ           #.........   100%        5    ######.
 Summon Lightning Spire   Summ/Air       #.......     100%        5    ######.
 Bolt of Fire             Conj/Fire      #.........   100%        6    #######
 Borgnjor's Vile Clutch   Necr/Erth      #.........   100%        6    #######
 Death Channel            Chrm/Necr      #.........   100%        6    #######
 Dispersal                Tloc           #.........   100%        6    #######
 Infestation              Hex/Tmut/Pois  #........    100%        6    #######
 Poison Arrow             Conj/Pois      #.........   100%        6    #######
 Shadow Creatures         Summ           N/A          100%        6    #######
 Simulacrum               Ice/Necr       #.........   100%        6    #######
 Summon Hydra             Summ           #.........   100%        6    #######
 Dragon Form              Tmut           #......      100%        7    #######
 Time Stop                Chrm/Tloc      N/A          100%        8    #######
 Dragon's Call            Summ           #.........   100%        9    #######
 Fire Storm               Conj/Fire      #.........   100%        9    #######
 Controlled Blink         Tloc           Unusable     N/A         8    N/A

Dungeon Overview and Level Annotations

Branches:
Dungeon (1/1)

Altars:
Ashenzari
Cheibriados
Dithmenos
Elyvilon
Fedhas
Gozag
Hepliaklqana
Kikubaaqudgha
Lugonu
Makhleb
Nemelex Xobeh
Okawaru
Qazlal
Ru
Sif Muna
Trog
Uskayaw
Vehumet
Wu Jian
Xom
Yredelemnul
Zin
The Shining One
Beogh
Jiyva


Innate Abilities, Weirdness & Mutations

You cannot be hasted, slowed, berserked, paralysed or teleported.
You can dig through walls and to a lower floor.
Your four strong arms can wield two-handed weapons with a shield.
((You have a pair of large antennae on your head. (SInv)))
[((Armour fits poorly on your strangely shaped body.))]
[You are dopey. (Int -2)]
[Your magical capacity is very low. (-20% MP)]
[You are weak. (Str -2)]


Message History

You feel much better. You block Esidgh's attack.
PANG!
You block the hellwing's attack.
GONNNNG!
You block the hellwing's attack.
BONNNG!
The orange demon stings you but does no damage.
Esidgh hits you!!
* * * LOW HITPOINT WARNING * * *
You turn into a sentient fungus.
The +10 dark maul {crush} melds into your body.
The +5 cloak "Ijeby" {+Inv Int+2} melds into your body.
The +18 shield of the Gong {rElec rN+ MR+ EV-5} melds into your body.
The +15 Maxwell's patent armour {-Cast -Tele rElec MR+ rCorr} melds into your body.
You feel much better. Esidgh hits you!!
* * * LOW HITPOINT WARNING * * *
You feel your power leaking away. The hellwing completely misses you.
The hellwing barely misses you. Something stings you!
You die...

{ ▓..)[.[...▓)..).
▓..|}}:?..▓[........▓...|)
▓.........▓)..÷.....▓.....
▓.........▓=........▓.....
▓........5▓.........▓.....
▓......534▓....÷....▓.....
▓.....5{.4▓.........▓.▓...
▓.▓...54▓4▓.▓..†÷.▓.▓....©
▓....534&f▓...)©....▓▓▓▓▓▓
▓▓▓▓▓▓▓▓▓▓▓▓▓▓▓▓▓▓▓▓▓


{{{{{{{{ {{{{{ {{{{{{{{{{ {{{{{{{{{{{{{{ {{{{{{{{{{ {{{{{{{{{{{{{{ {{{{{{{{{{
{{{{{ You could see Esidgh, 2 hellwings, 2 ice devils, a neqoxec, a ynoxinul, a
chaos spawn, a crimson imp, a white imp and 3 ufetubi.

Vanquished Creatures
  A pandemonium lord (D)
  A hydra (D)
  2 two-headed ogres (D)
  4 cyclopes (D)
  7 toenail golems (D)
  A shining eye (D)
  2 ugly things (D)
  A black mamba (shapeshifter) (D)
  2 black mambas (D)
  2 cane toads (D)
  A komodo dragon (D)
  A yaktaur (D)
  A troll (D)
  A jumping spider (D)
  A blink frog (D)
  A tarantella (D)
  A warg (shapeshifter) (D)
  A crocodile (D)
  A porcupine (D)
  3 orc warriors (D)
  2 phantoms (D)
  An ogre (D)
  An eye of draining (shapeshifter) (D)
  2 centaurs (D)
  A bullfrog (D)
  8 earth elementals (D)
  3 scorpions (D)
  An orc priest (D)
  3 orc wizards (D)
  An adder (D)
  3 orcs (D)
  A bat skeleton (D)
  A bat zombie (D)
  A ball python (D)
64 creatures vanquished.

Vanquished Creatures (collateral kills)
  An orc warrior (D)
1 creature vanquished.

Grand Total: 65 creatures vanquished

Notes
Turn   | Place    | Note
-------+----------+-------------------------------------------
     0 | D        | funkygono the Formicid Fighter began the quest for the Orb.
     0 | D        | Reached XP level 1. HP: 18/18 MP: 1/1
     2 | D        | Found a shimmering blue altar of Sif Muna.
     2 | D        | Found a sacrificial altar of Ru.
     2 | D        | Found a bloodstained altar of Trog.
     2 | D        | Found a stormy altar of Qazlal.
     2 | D        | Found an iron altar of Okawaru.
     2 | D        | Found a sparkling altar of Nemelex Xobeh.
     2 | D        | Found a blossoming altar of Fedhas.
     3 | D        | Found the +6 Majin-Bo {vamp, *Drain Str+12 Int+24}
     3 | D        | Found the +7 great mace "Firestarter" {inner flame, rF++}
     4 | D        | Found a transporter.
     4 | D        | Found an ancient bone altar of Kikubaaqudgha.
     4 | D        | Found a viscous altar of Jiyva.
     4 | D        | Found a corrupted altar of Lugonu.
     4 | D        | Found a hazy altar of Hepliaklqana.
     4 | D        | Found a burning altar of Makhleb.
     4 | D        | Found an opulent altar of Gozag.
    25 | D        | Found the +6 shillelagh "Devastator" {shatter}
    25 | D        | Found the +11 plutonium sword {*Contam Stlth-}
    25 | D        | Found the +8 lance "Wyrmbane" {slay drac, rPois rF+ rC+
                  | AC+3}
    25 | D        | Found the +9 sword of Zonguldrok {reap}
    25 | D        | Found the cursed +13 scythe of Curses {drain, *Curse}
    25 | D        | Found the +0 sword of Power
    25 | D        | Found the +7 mace of Variability {chain chaos}
    25 | D        | Found the +7 Singing Sword {slice}
    25 | D        | Found the +7 longbow "Piercer" {penet, EV-2}
    27 | D        | Found the +9 heavy crossbow "Sniper" {velocity, Acc+∞ SInv}
    27 | D        | Found the +10 dark maul {crush}
    27 | D        | Found the +15 Maxwell's patent armour {-Cast -Tele rElec
                  | MR+ rCorr}
    27 | D        | Found the +18 shield of the Gong {rElec rN+ MR+ EV-5}
    27 | D        | Found the cursed +14 obsidian axe {chop, +Fly SInv *Curse}
   113 | D        | Became a worshipper of Warmaster Okawaru
   118 | D        | Reached skill level 4 in Shields
   118 | D        | Reached XP level 2. HP: 26/26 MP: 1/4
   159 | D        | Entered arena 2.
   159 | D        | Found a transporter.
   160 | D        | Reached skill level 5 in Shields
   168 | D        | Got the +2 plate armour of the Eyes {+Blink rPois Str+4
                  | Int-3}
   176 | D        | Entered arena 3.
   176 | D        | Noticed a centaur
   176 | D        | Noticed a yaktaur
   176 | D        | Noticed a centaur
   176 | D        | Found a transporter.
   177 | D        | Killed a centaur
   177 | D        | Reached * piety under Okawaru
   177 | D        | Reached skill level 6 in Shields
   177 | D        | Reached XP level 3. HP: 34/34 MP: 5/5
   177 | D        | Reached XP level 4. HP: 40/40 MP: 6/6
   178 | D        | Killed a yaktaur
   178 | D        | Reached skill level 5 in Maces & Flails
   178 | D        | Reached skill level 8 in Shields
   178 | D        | Reached XP level 5. HP: 51/51 MP: 7/7
   178 | D        | Reached XP level 6. HP: 57/57 MP: 8/8
   178 | D        | Reached ** piety under Okawaru
   178 | D        | Reached skill level 9 in Shields
   178 | D        | Reached XP level 7. HP: 63/63 MP: 9/9
   188 | D        | Got the Incunabulum of Attacks and Translocation
   200 | D        | Entered arena 4.
   200 | D        | Found a transporter.
   206 | D        | Reached skill level 10 in Shields
   214 | D        | Got the ring "Tasulub" {+Fly Stlth+}
   216 | D        | Got the ring "Tyw Vufa" {Wiz rPois Int+3 Stlth+}
   232 | D        | Entered arena 5.
   232 | D        | Found a transporter.
   248 | D        | Got the +3 leather armour of Viseom {rC- rCorr Int+3 SInv}
   256 | D        | Entered arena 6.
   256 | D        | Noticed a jumping spider
   256 | D        | Noticed a tarantella
   256 | D        | Found a transporter.
   258 | D        | Killed a tarantella
   258 | D        | Reached XP level 8. HP: 72/72 MP: 7/10
   259 | D        | Reached skill level 10 in Fighting
   260 | D        | Killed a jumping spider
   260 | D        | Reached *** piety under Okawaru
   260 | D        | Reached skill level 10 in Armour
   260 | D        | Reached skill level 11 in Shields
   277 | D        | Entered arena 7.
   277 | D        | Noticed a toenail golem
   277 | D        | Noticed a toenail golem
   277 | D        | Noticed a toenail golem
   281 | D        | Killed a toenail golem
   281 | D        | Reached **** piety under Okawaru
   281 | D        | Reached skill level 12 in Shields
   281 | D        | Reached XP level 9. HP: 79/79 MP: 8/11
   283 | D        | Killed a toenail golem
   286 | D        | Reached skill level 10 in Maces & Flails
   287 | D        | Killed a toenail golem
   287 | D        | Reached skill level 13 in Shields
   292 | D        | Found a transporter.
   298 | D        | Got the cursed ring "Vyfiug" {*Slow Str+6 Int+3 Slay-2}
   444 | D        | Entered arena 8.
   444 | D        | Noticed a shining eye
   444 | D        | Noticed a white ugly thing
   444 | D        | Noticed a purple ugly thing
   444 | D        | Noticed a black mamba
   449 | D        | Killed a black mamba
   449 | D        | Reached ***** piety under Okawaru
   449 | D        | Reached XP level 10. HP: 88/88 MP: 2/13
   449 | D        | Reached skill level 5 in Evocations
   450 | D        | Killed a white ugly thing
   450 | D        | Killed a brown ugly thing
   450 | D        | Reached skill level 14 in Shields
   451 | D        | Killed a shining eye
   451 | D        | Reached skill level 5 in Invocations
   452 | D        | Found a transporter.
   532 | D        | Entered arena 9.
   533 | D        | Identified the +4 quarterstaff of Gravity {crush, *Slow
                  | rElec Str+2}
   536 | D        | Found a transporter.
   561 | D        | Got the Reference Book on the Escort
   610 | D        | Entered arena 10.
   610 | D        | Noticed a cyclops
   610 | D        | Noticed a two-headed ogre
   610 | D        | Noticed a cyclops
   610 | D        | Noticed a cyclops
   610 | D        | Noticed a cyclops
   610 | D        | Noticed a two-headed ogre
   614 | D        | Killed a two-headed ogre
   614 | D        | Received a gift from Okawaru
   617 | D        | Killed a cyclops
   617 | D        | Reached skill level 15 in Shields
   617 | D        | Reached XP level 11. HP: 84/95 MP: 14/16
   618 | D        | Killed a cyclops
   619 | D        | Killed a cyclops
   620 | D        | Killed a two-headed ogre
   620 | D        | Received a gift from Okawaru
   622 | D        | Killed a cyclops
   623 | D        | Found a transporter.
   638 | D        | Got a faintly glowing cloak {god gift}
   638 | D        | Got a buzzing trident {god gift}
   640 | D        | Identified the +5 trident "Deohiv" {pierce, +Fly rC+++ rN+
                  | MR-} (Okawaru gifted it to you in the Dungeon)
   641 | D        | Identified the +5 cloak "Ijeby" {+Inv Int+2} (Okawaru
                  | gifted it to you in the Dungeon)
   656 | D        | Got Sif Muna's Grimoire of Floating Envenoming
   658 | D        | Got the cursed +2 war axe of the Glimmering Eel {venom, rN+
                  | Int+4 Dex+4}
   834 | D        | Entered arena 11.
   834 | D        | Noticed a toenail golem
   834 | D        | Noticed a toenail golem
   834 | D        | Noticed a toenail golem
   834 | D        | Noticed a toenail golem
   837 | D        | Found a transporter.
   840 | D        | Killed a toenail golem
   840 | D        | Reached skill level 15 in Maces & Flails
   841 | D        | Killed a toenail golem
   841 | D        | Reached skill level 16 in Shields
   847 | D        | Killed a toenail golem
   847 | D        | Reached ****** piety under Okawaru
   847 | D        | Reached skill level 1 in Stealth
   848 | D        | Killed a toenail golem
   858 | D        | Got the +7 demon blade "Cuibb" {elec, rPois Dex+6}
  1023 | D        | Entered arena 12.
  1024 | D        | Noticed a six-headed hydra
  1030 | D        | Killed a six-headed hydra
  1030 | D        | Reached XP level 12. HP: 85/105 MP: 16/18
  1033 | D        | Received a gift from Okawaru
  1034 | D        | Reached skill level 17 in Shields
  1037 | D        | Found the ring of the Octopus King {MP+9 AC+1 EV+1 Str+1
                  | Int+1 Dex+1}
  1037 | D        | Found a transporter.
  1071 | D        | Got the ring "Necameast" {Dex+3 SInv}
  1074 | D        | Got a ring of the Octopus King {MP+9 AC+1 EV+1 Str+1 Int+1
                  | Dex+1}
  1076 | D        | Got the +2 scimitar of Trog's Condemnation {slice, *Corrode
                  | MR+ Dex+6}
  1078 | D        | Got the +4 scale mail of Beyond {rCorr}
  1137 | D        | Entered arena 13.
  1137 | D        | Noticed Udgheuse the pandemonium lord
  1138 | D        | Noticed Esidgh the pandemonium lord
  1139 | D        | Noticed a cacodemon
  1140 | D        | Noticed a hell beast
  1144 | D        | Noticed a balrug
  1150 | D        | Killed Udgheuse the pandemonium lord
  1150 | D        | Received a gift from Okawaru
  1150 | D        | Received a gift from Okawaru
  1150 | D        | Received a gift from Okawaru
  1150 | D        | Reached skill level 19 in Shields
  1150 | D        | Reached XP level 13. HP: 35/114 MP: 14/16
  1154 | D        | HP: 5/114 [hellwing (4)]
  1156 | D        | Mangled by an orange demon

Skill      XL: |  1  2  3  4  5  6  7  8  9 10 11 12 |
---------------+-------------------------------------+-----
Fighting       | 4 6 8 9 10 11 12 13 14 | 14.5
Maces & Flails | 3 4 5 7 9 11 13 16 18 | 18.1
Armour         | 4 6 8 9 10 11 12 | 12.6
Dodging        | 2 4 |  4.1
Shields        | 4 6 8 9 10 12 13 15 16 19 | 19.3
Invocations    | 3 4 5 6 |  6.6
Evocations     | 2 3 4 6 8 9 |  9.7
Stealth        | 2 |  2.6

Action                   |  1- 3 |  4- 6 |  7- 9 | 10-12 | 13-15 || total
-------------------------+-------+-------+-------+-------+-------++-------
Melee: Maul              |     2 |       |    28 |    46 |     1 ||    77
Invok: Heroism           |       |       |     5 |     5 |       ||    10
Evoke: Wand              |       |     1 |     5 |     6 |       ||    12
       Phantom mirror    |       |       |     1 |     2 |       ||     3
       Lamp of fire      |       |       |     1 |     1 |       ||     2
       Fan of gales      |       |       |       |     2 |       ||     2
       Phial of floods   |       |       |       |     1 |       ||     1
  Use: Potion            |     1 |       |       |       |     5 ||     6
       Scroll            |       |       |       |     2 |       ||     2
 Stab: Distracted        |       |       |       |     1 |       ||     1
  Eat: Ration            |       |       |       |     2 |       ||     2
       Chunk             |       |       |       |     1 |       ||     1
Armor: Plate armour      |       |       |    47 |    54 |     3 ||   104
Dodge: Dodged            |       |       |    12 |    23 |     4 ||    39
Block: Medium shield     |     2 |     1 |    70 |   117 |    20 ||   210
